[Event "ESP-chT 1st Division 2020"]
[Site "Padron"]
[Date "2020.10.03"]
[Round "1.1"]
[White "Del Rio De Angelis, Salvador G."]
[Black "Adla, Diego"]
[Result "1-0"]
[ECO "E41"]
[WhiteElo "2508"]
[BlackElo "2438"]
[Annotator "ChessBase"]
[PlyCount "63"]
[EventDate "2020.10.01"]
[EventType "team-tourn"]
[EventCountry "ESP"]
[SourceTitle "playchess.com"]
[Source "ChessBase"]
[SourceQuality "1"]
[TimeControl "5400+30"]

1. d4 Nf6 2. c4 e6 3. Nc3 Bb4 4. e3 c5 5. Bd3 Nc6 6. Nf3 Bxc3+ 7. bxc3 d6 8. e4 e5 9. h3 h6 10. Be3 b6 11. Rb1 exd4 12. cxd4 O-O 13. d5 Nb4 14. a3 Nxd3+ 15. Qxd3 Re8 16. Nd2 a6 17. O-O b5 18. f3 Nh5 19. Rf2 f5 20. g4 fxe4 21. fxe4 Nf6 22. Rbf1 Nd7 23. Bf4 Ne5 24. Bxe5 Rxe5 25. Nf3 Re8 26. e5 dxe5 27. Qg6 Bb7 28. g5 e4 29. gxh6 Qf6 30. Qxf6 gxf6 31. Nh4 Rad8 32. Rg2+ 1-0

[Event "ESP-chT 1st Division 2020"]
[Site "Padron"]
[Date "2020.10.03"]
[Round "1.2"]
[White "Glavina, Pablo"]
[Black "Demuth, Adrien"]
[Result "1/2-1/2"]
[ECO "E92"]
[WhiteElo "2412"]
[BlackElo "2488"]
[Annotator "ChessBase"]
[PlyCount "62"]
[EventDate "2020.10.01"]
[EventType "team-tourn"]
[EventCountry "ESP"]
[SourceTitle "playchess.com"]
[Source "ChessBase"]
[SourceQuality "1"]
[TimeControl "5400+30"]

1. c4 Nf6 2. Nc3 g6 3. e4 d6 4. d4 Bg7 5. Nf3 O-O 6. Be2 e5 7. d5 a5 8. Bg5 h6 9. Be3 Ng4 10. Bd2 f5 11. h3 Nf6 12. exf5 gxf5 13. Qc1 f4 14. g3 e4 15. Nh4 e3 16. fxe3 fxg3 17. Ng6 Re8 18. O-O Nbd7 19. Nh4 Ne4 20. Nf5 Ndc5 21. Qc2 Bxc3 22. Bxc3 Bxf5 23. Rxf5 Nxc3 24. Rf8+ Kxf8 25. Rf1+ Kg7 26. Rf7+ Kxf7 27. Qh7+ Kf6 28. Qxh6+ Kf5 29. Qh7+ Kf6 30. Qh6+ Kf5 31. Qh7+ Ke5 1/2-1/2

[Event "ESP-chT 1st Division 2020"]
[Site "Padron"]
[Date "2020.10.03"]
[Round "1.3"]
[White "Narciso Dublan, Marc"]
[Black "Quintin Navarro, Alberto"]
[Result "1-0"]
[ECO "E92"]
[WhiteElo "2477"]
[BlackElo "2383"]
[Annotator "ChessBase"]
[PlyCount "73"]
[EventDate "2020.10.01"]
[EventType "team-tourn"]
[EventCountry "ESP"]
[SourceTitle "playchess.com"]
[Source "ChessBase"]
[SourceQuality "1"]
[TimeControl "5400+30"]

1. d4 Nf6 2. c4 g6 3. Nc3 Bg7 4. e4 d6 5. Be2 O-O 6. Nf3 e5 7. d5 a5 8. Bg5 h6 9. Bh4 Na6 10. Nd2 Bd7 11. O-O Qe8 12. Kh1 Nh7 13. a3 a4 14. Nb5 Bxb5 15. cxb5 Nc5 16. f3 b6 17. b4 axb3 18. Nxb3 Bf6 19. Be1 Bg5 20. Nxc5 dxc5 21. Qb3 Be7 22. a4 Bd6 23. a5 bxa5 24. Bxa5 Qe7 25. Bd2 Qh4 26. Ra6 Nf6 27. g3 Qh3 28. Qe3 h5 29. Rb1 Rab8 30. b6 Qc8 31. Qd3 c4 32. Qxc4 Nd7 33. Qc6 Nxb6 34. Raxb6 Rxb6 35. Rxb6 cxb6 36. Qxd6 Qc2 37. Bh6 1-0

[Event "ESP-chT 1st Division 2020"]
[Site "Padron"]
[Date "2020.10.03"]
[Round "1.4"]
[White "Bayo Milagro, Alvaro"]
[Black "Suarez Garcia, Carlos"]
[Result "0-1"]
[ECO "B22"]
[WhiteElo "2254"]
[BlackElo "2439"]
[Annotator "ChessBase"]
[PlyCount "60"]
[EventDate "2020.10.01"]
[EventType "team-tourn"]
[EventCountry "ESP"]
[SourceTitle "playchess.com"]
[Source "ChessBase"]
[SourceQuality "1"]
[TimeControl "5400+30"]

1. e4 c5 2. c3 e6 3. d4 d5 4. exd5 exd5 5. Nf3 Nc6 6. Be2 Nf6 7. O-O Bd6 8. dxc5 Bxc5 9. Nbd2 h6 10. Nb3 Bd6 11. Be3 Ne4 12. Qd3 Be6 13. Nbd4 O-O 14. c4 Nxd4 15. Nxd4 Qh4 16. Nf3 Qh5 17. Rfd1 Ng5 18. h3 Nxh3+ 19. gxh3 Qxh3 20. Qd4 Bg4 21. Bf4 Rfe8 22. Bxd6 Rxe2 23. Nh2 Bf5 24. Qf4 Re6 25. Kh1 Rxd6 26. Rxd5 Rf6 27. Rg1 Bg6 28. Qd4 Re8 29. Re5 Rxe5 30. Qxe5 Rxf2 0-1

[Event "ESP-chT 1st Division 2020"]
[Site "Padron"]
[Date "2020.10.03"]
[Round "1.5"]
[White "Travadon, Loic"]
[Black "Vela Frago, Alberto"]
[Result "1-0"]
[ECO "D41"]
[WhiteElo "2424"]
[BlackElo "2071"]
[Annotator "ChessBase"]
[PlyCount "47"]
[EventDate "2020.10.01"]
[EventType "team-tourn"]
[EventCountry "ESP"]
[SourceTitle "playchess.com"]
[Source "ChessBase"]
[SourceQuality "1"]
[TimeControl "5400+30"]

1. Nf3 d5 2. d4 Nf6 3. c4 e6 4. Nc3 c5 5. cxd5 Nxd5 6. e4 Nxc3 7. bxc3 cxd4 8. cxd4 Bb4+ 9. Bd2 Bxd2+ 10. Qxd2 O-O 11. Bc4 b6 12. O-O Bb7 13. Rfe1 Nd7 14. Bb3 Nf6 15. e5 Nd5 16. Ng5 Nc7 17. Bc2 g6 18. Be4 Nd5 19. Bf3 Rb8 20. Rab1 Nc3 21. Rb3 Bxf3 22. Rxc3 Bd5 23. Nxh7 Kg7 24. Rh3 1-0

[Event "ESP-chT 1st Division 2020"]
[Site "Padron"]
[Date "2020.10.03"]
[Round "1.6"]
[White "Gracia Laguens, Asuncion"]
[Black "Ambartsumova, Karina"]
[Result "0-1"]
[ECO "A08"]
[WhiteElo "1414"]
[BlackElo "2371"]
[Annotator "ChessBase"]
[PlyCount "40"]
[EventDate "2020.10.01"]
[EventType "team-tourn"]
[EventCountry "ESP"]
[SourceTitle "playchess.com"]
[Source "ChessBase"]
[SourceQuality "1"]
[TimeControl "5400+30"]

1. Nf3 d5 2. g3 c5 3. Bg2 Nc6 4. b3 e5 5. d3 Nf6 6. c4 Be7 7. O-O O-O 8. Bb2 d4 9. Nbd2 Bf5 10. Re1 Qd7 11. Nf1 e4 12. dxe4 Nxe4 13. e3 d3 14. N1d2 Bf6 15. Nxe4 Bxb2 16. Rb1 Ba3 17. Nfd2 Ne5 18. Nc3 Bg4 19. f3 Be6 20. e4 Qd4+ 0-1

[Event "ESP-chT 1st Division 2020"]
[Site "Padron"]
[Date "2020.10.03"]
[Round "1.8"]
[White "Plazuelo Pascual, Juan"]
[Black "Brunello, Sabino"]
[Result "1/2-1/2"]
[ECO "D12"]
[WhiteElo "2474"]
[BlackElo "2539"]
[Annotator "ChessBase"]
[PlyCount "64"]
[EventDate "2020.10.01"]
[EventType "team-tourn"]
[EventCountry "ESP"]
[SourceTitle "playchess.com"]
[Source "ChessBase"]
[SourceQuality "1"]
[TimeControl "5400+30"]

1. d4 d5 2. c4 c6 3. Nf3 Nf6 4. e3 Bf5 5. Nc3 e6 6. Nh4 Bg6 7. Nxg6 hxg6 8. Bd2 Nbd7 9. Qc2 Be7 10. cxd5 exd5 11. Be2 Nf8 12. O-O-O Ne6 13. Kb1 a5 14. h4 b5 15. g4 b4 16. g5 bxc3 17. gxf6 Bxf6 18. Qxc3 c5 19. h5 gxh5 20. Bxh5 cxd4 21. exd4 Qd6 22. Be3 Ke7 23. Bg4 Rhc8 24. Qd2 Rc4 25. Rhe1 Qb4 26. Bxe6 fxe6 27. Re2 Rb8 28. Qxb4+ Rcxb4 29. Rc2 Kf7 30. Rd3 a4 31. a3 R4b5 32. Bd2 e5 1/2-1/2

[Event "ESP-chT 1st Division 2020"]
[Site "Padron"]
[Date "2020.10.03"]
[Round "1.9"]
[White "Larino Nieto, David"]
[Black "Rubio Mejia, Luis Ignacio"]
[Result "1-0"]
[ECO "A05"]
[WhiteElo "2477"]
[BlackElo "2405"]
[Annotator "ChessBase"]
[PlyCount "61"]
[EventDate "2020.10.01"]
[EventType "team-tourn"]
[EventCountry "ESP"]
[SourceTitle "playchess.com"]
[Source "ChessBase"]
[SourceQuality "1"]
[TimeControl "5400+30"]

1. Nf3 Nf6 2. b3 c5 3. Bb2 g6 4. c4 Bg7 5. g3 b6 6. Bg2 Bb7 7. O-O O-O 8. Nc3 d5 9. Nxd5 Nxd5 10. Bxg7 Kxg7 11. cxd5 Qxd5 12. d4 Na6 13. e4 Qd7 14. d5 Rad8 15. Qc1 f6 16. Rd1 Nc7 17. h4 e5 18. h5 Nb5 19. Kh2 Nd4 20. Nxd4 cxd4 21. h6+ Kh8 22. Qa3 f5 23. Qxa7 fxe4 24. Qxb6 Qxd5 25. Rac1 Rd6 26. Qb4 g5 27. Rc7 Ba8 28. Kg1 Rdf6 29. Rdc1 Rxf2 30. Qe7 R2f7 31. Qxf7 1-0

[Event "ESP-chT 1st Division 2020"]
[Site "Padron"]
[Date "2020.10.03"]
[Round "1.10"]
[White "Martinez Martin, David"]
[Black "Silva, Luis Neves Da"]
[Result "1-0"]
[ECO "D31"]
[WhiteElo "2389"]
[BlackElo "2379"]
[Annotator "ChessBase"]
[PlyCount "103"]
[EventDate "2020.10.01"]
[EventType "team-tourn"]
[EventCountry "ESP"]
[SourceTitle "playchess.com"]
[Source "ChessBase"]
[SourceQuality "1"]
[TimeControl "5400+30"]

1. d4 d5 2. c4 e6 3. Nc3 a6 4. cxd5 exd5 5. Bf4 Nf6 6. e3 Bd6 7. Bxd6 Qxd6 8. Bd3 O-O 9. h3 Re8 10. Nf3 Ne4 11. Qc2 Bf5 12. Nh4 Bd7 13. Nxe4 dxe4 14. Bxe4 Qe7 15. Bxh7+ Kh8 16. Nf3 g6 17. Bxg6 fxg6 18. Ne5 Bf5 19. Nxg6+ Bxg6 20. Qxg6 Qb4+ 21. Kf1 Nc6 22. Qh6+ Kg8 23. Qg6+ Kh8 24. Qf6+ Kg8 25. h4 Re7 26. Rh3 Rg7 27. Qe6+ Kh8 28. Qh6+ Kg8 29. Qe6+ Kh8 30. Qb3 Qxb3 31. axb3 Rag8 32. g3 Rf7 33. f4 Re7 34. Kf2 Nb4 35. Rg1 Rge8 36. g4 Nd3+ 37. Kg2 Rxe3 38. Rxe3 Rxe3 39. Rf1 Re4 40. Kg3 Rxd4 41. g5 Nc5 42. Re1 Re4 43. Rxe4 Nxe4+ 44. Kg4 Kg7 45. h5 c5 46. f5 Nf2+ 47. Kf3 Nd3 48. f6+ Kf7 49. Ke4 Nxb2 50. Kf5 Nd3 51. g6+ Kg8 52. f7+ 1-0

[Event "ESP-chT 1st Division 2020"]
[Site "Padron"]
[Date "2020.10.03"]
[Round "1.11"]
[White "Gomez Dieguez, David"]
[Black "Aguilera Lopez, Alejandro"]
[Result "1-0"]
[ECO "B45"]
[WhiteElo "2261"]
[BlackElo "2241"]
[Annotator "ChessBase"]
[PlyCount "91"]
[EventDate "2020.10.01"]
[EventType "team-tourn"]
[EventCountry "ESP"]
[SourceTitle "playchess.com"]
[Source "ChessBase"]
[SourceQuality "1"]
[TimeControl "5400+30"]

1. e4 c5 2. Nc3 e6 3. Nf3 Nc6 4. d4 cxd4 5. Nxd4 Nf6 6. g3 d5 7. exd5 exd5 8. Bg2 Bg4 9. Qd3 Be7 10. O-O O-O 11. Bf4 Qd7 12. a3 Rfe8 13. Ndb5 d4 14. Ne4 Nd5 15. Bd6 Bf5 16. Bxe7 Ndxe7 17. Nbd6 Bxe4 18. Nxe4 Ne5 19. Qb3 Rac8 20. Rad1 Red8 21. Rfe1 N7g6 22. h4 h5 23. Ng5 Rc7 24. Re2 a5 25. Red2 d3 26. cxd3 Qd4 27. Re2 a4 28. Qb5 b6 29. Re4 Qd6 30. d4 f6 31. Rde1 fxg5 32. dxe5 Qd2 33. Qxb6 Rc2 34. R4e2 Rc1 35. Rxd2 Rxe1+ 36. Bf1 Rxd2 37. Qxg6 Rdd1 38. Qe8+ Kh7 39. Qxh5+ Kg8 40. Qe8+ Kh7 41. Qb5 gxh4 42. gxh4 Rd4 43. Kg2 Rxh4 44. Bd3+ g6 45. Qd7+ Kh6 46. Qe6 1-0

[Event "ESP-chT 1st Division 2020"]
[Site "Padron"]
[Date "2020.10.03"]
[Round "1.12"]
[White "Rodrigo Yanguas, Maria"]
[Black "Hernandez Estevez, Yudania"]
[Result "0-1"]
[ECO "B12"]
[WhiteElo "2077"]
[BlackElo "2197"]
[Annotator "ChessBase"]
[PlyCount "100"]
[EventDate "2020.10.01"]
[EventType "team-tourn"]
[EventCountry "ESP"]
[SourceTitle "playchess.com"]
[Source "ChessBase"]
[SourceQuality "1"]
[TimeControl "5400+30"]

1. e4 c6 2. d4 d5 3. e5 Bf5 4. h4 h5 5. Bd3 Bxd3 6. Qxd3 e6 7. Nf3 Nd7 8. Be3 Ne7 9. Nc3 Nf5 10. Bg5 Qb6 11. O-O f6 12. exf6 gxf6 13. Rfe1 O-O-O 14. Bf4 c5 15. Nxd5 Qc6 16. Nc3 Nxd4 17. Nxd4 cxd4 18. Nb5 Bc5 19. b4 Rhg8 20. f3 a6 21. a4 e5 22. bxc5 axb5 23. axb5 Qxc5 24. Bd2 Kc7 25. Ra4 Qd5 26. b6+ Kd6 27. Bb4+ Ke6 28. Ra5 Qc6 29. Qb3+ Kf5 30. Qd3+ Ke6 31. Qb3+ Kf5 32. Qd3+ Ke6 33. Raa1 Nxb6 34. Ba5 Rd5 35. Bxb6 Qxb6 36. Reb1 Qc6 37. Qh7 Rb8 38. f4 Rc5 39. Rb2 e4 40. Rab1 b5 41. Ra1 Ra8 42. Rba2 Rxa2 43. Rxa2 Rxc2 44. Ra7 e3 45. Qf7+ Kf5 46. Qxh5+ Ke4 47. Qf3+ Kd3 48. Ra3+ Kd2 49. Qg4 e2 50. Ra1 Rc1+ 0-1

[Event "ESP-chT 1st Division 2020"]
[Site "Padron"]
[Date "2020.10.03"]
[Round "1.13"]
[White "Alsina Leal, Daniel"]
[Black "Ladron De Guevara Pinto, Paolo"]
[Result "1-0"]
[ECO "C11"]
[WhiteElo "2494"]
[BlackElo "2433"]
[Annotator "ChessBase"]
[PlyCount "85"]
[EventDate "2020.10.01"]
[EventType "team-tourn"]
[EventCountry "ESP"]
[SourceTitle "playchess.com"]
[Source "ChessBase"]
[SourceQuality "1"]
[TimeControl "5400+30"]

1. e4 e6 2. d4 d5 3. Nc3 Nf6 4. e5 Nfd7 5. f4 c5 6. Nf3 Nc6 7. Be3 cxd4 8. Nxd4 Bc5 9. Qd2 Nxd4 10. Bxd4 O-O 11. O-O-O a6 12. h4 b5 13. h5 b4 14. Na4 Bxd4 15. Qxd4 Qa5 16. b3 Bb7 17. h6 g6 18. Kb1 Bc6 19. Nb2 Qc5 20. Rh3 Qxd4 21. Rxd4 a5 22. c3 f6 23. exf6 Nxf6 24. cxb4 Ne4 25. bxa5 Rxa5 26. Rf3 Ra7 27. Ka1 Bd7 28. Nd1 Rc8 29. Kb2 Rca8 30. a4 Rb8 31. Ka3 Rc7 32. Re3 Be8 33. Rexe4 dxe4 34. Bc4 Kf8 35. Rxe4 Bc6 36. Rxe6 Bxg2 37. Ne3 Bf3 38. f5 g5 39. Rf6+ Ke7 40. Rf7+ Kd6 41. Rg7 Re7 42. Be6 g4 43. Nc4+ 1-0

[Event "ESP-chT 1st Division 2020"]
[Site "Padron"]
[Date "2020.10.03"]
[Round "1.14"]
[White "Alshameary Puente, Ismael"]
[Black "Alonso Moyano, Jonathan"]
[Result "1/2-1/2"]
[ECO "A80"]
[WhiteElo "2373"]
[BlackElo "2334"]
[Annotator "ChessBase"]
[PlyCount "95"]
[EventDate "2020.10.01"]
[EventType "team-tourn"]
[EventCountry "ESP"]
[SourceTitle "playchess.com"]
[Source "ChessBase"]
[SourceQuality "1"]
[TimeControl "5400+30"]

1. d4 f5 2. Bg5 h6 3. Bh4 g5 4. Bg3 Nf6 5. h4 g4 6. Nc3 d6 7. Qd3 Bg7 8. e4 Qd7 9. O-O-O fxe4 10. Nxe4 Nxe4 11. Qxe4 Qf5 12. Bd3 Qxe4 13. Bxe4 O-O 14. Bd5+ e6 15. Be4 Nc6 16. Ne2 Bd7 17. h5 e5 18. dxe5 Bxe5 19. Bxc6 Bxc6 20. Rh4 Bxg3 21. Rxg4+ Kh7 22. fxg3 Rf2 23. Nd4 Bxg2 24. Re1 Raf8 25. Ne6 R8f7 26. Rf4 Rf3 27. Rxf7+ Rxf7 28. Nf4 Bf3 29. Kd2 Bg4 30. Re8 Kg7 31. c4 Rf8 32. Re7+ Rf7 33. Re8 Rf8 34. Re4 Bf5 35. Re3 c6 36. Ke2 Bg4+ 37. Kf2 Bxh5 38. Re6 Bf7 39. Rxd6 Bxc4 40. b3 Bd5 41. Ke3 Re8+ 42. Kd4 Re4+ 43. Kd3 Re7 44. Nh5+ Kh7 45. Nf6+ Kg7 46. Nh5+ Kh7 47. Nf6+ Kg7 48. Nh5+ 1/2-1/2

[Event "ESP-chT 1st Division 2020"]
[Site "Padron"]
[Date "2020.10.03"]
[Round "1.15"]
[White "Hernandez, Cristian Andres"]
[Black "Garrido Outon, Alex"]
[Result "0-1"]
[ECO "E92"]
[WhiteElo "2320"]
[BlackElo "2366"]
[Annotator "ChessBase"]
[PlyCount "128"]
[EventDate "2020.10.01"]
[EventType "team-tourn"]
[EventCountry "ESP"]
[SourceTitle "playchess.com"]
[Source "ChessBase"]
[SourceQuality "1"]
[TimeControl "5400+30"]

1. d4 Nf6 2. Nf3 g6 3. c4 Bg7 4. Nc3 O-O 5. e4 d6 6. Be2 e5 7. dxe5 dxe5 8. Qxd8 Rxd8 9. Bg5 Re8 10. O-O-O h6 11. Bh4 Na6 12. Nd2 Nc5 13. Nd5 Nxd5 14. cxd5 Bd7 15. f3 c6 16. Nc4 cxd5 17. Rxd5 Rec8 18. Bf2 b5 19. Rxc5 bxc4 20. Rd1 Be6 21. Rxc8+ Rxc8 22. Bxa7 Ra8 23. Bc5 Rxa2 24. Rd8+ Kh7 25. Kc2 Bf6 26. Rd1 Ra8 27. Kc3 Rc8 28. Be3 Rb8 29. Bd2 Be7 30. Rb1 Bb4+ 31. Kc2 Bxd2 32. Kxd2 h5 33. h4 g5 34. hxg5 h4 35. Kc2 Kg6 36. g3 hxg3 37. Rg1 Kxg5 38. Rxg3+ Kf4 39. Rg1 Ke3 40. Bd1 Rh8 41. Re1+ Kd4 42. Re2 f5 43. Rd2+ Kc5 44. exf5 Bxf5+ 45. Kc3 Rh3 46. b4+ cxb3 47. Kxb3 e4 48. Kc3 exf3 49. Rf2 Be4 50. Bb3 Rg3 51. Bd1 Kd5 52. Bb3+ Ke5 53. Bd1 Rg2 54. Rd2 f2 55. Be2 Kf4 56. Bf1 Rh2 57. Kd4 Bf3 58. Rb2 Kg3 59. Rb5 Rh1 60. Rb1 Kf4 61. Kc3 Ke3 62. Kb2 Be2 63. Bg2 Rxb1+ 64. Kxb1 Kf4 0-1

[Event "ESP-chT 1st Division 2020"]
[Site "Padron"]
[Date "2020.10.03"]
[Round "1.16"]
[White "Herrera Delgado, Alejandro"]
[Black "Perez Manas, Benjamin"]
[Result "1/2-1/2"]
[ECO "B12"]
[WhiteElo "2280"]
[BlackElo "2259"]
[Annotator "ChessBase"]
[PlyCount "114"]
[EventDate "2020.10.01"]
[EventType "team-tourn"]
[EventCountry "ESP"]
[SourceTitle "playchess.com"]
[Source "ChessBase"]
[SourceQuality "1"]
[TimeControl "5400+30"]

1. e4 c6 2. d4 d5 3. e5 Bf5 4. h4 Qb6 5. c4 Bxb1 6. Rxb1 e6 7. Nf3 Bb4+ 8. Bd2 Ne7 9. h5 h6 10. Rh3 Nd7 11. c5 Bxd2+ 12. Qxd2 Qc7 13. Nh4 f6 14. f4 b6 15. b4 O-O 16. Bd3 bxc5 17. bxc5 Rab8 18. Bc2 Rxb1+ 19. Bxb1 Rb8 20. Rb3 Rxb3 21. axb3 fxe5 22. fxe5 Qb7 23. Bc2 Qa6 24. Kf2 Nf8 25. Qc3 Qa3 26. Bb1 a5 27. Nf3 a4 28. Bc2 axb3 29. Qxb3 Qc1 30. Qb1 Qxb1 31. Bxb1 Kf7 32. Ke3 Ke8 33. Bc2 Kd7 34. g4 g5 35. Kd2 Kc7 36. Kc3 Kb7 37. Kb4 Kc7 38. Ka5 Kb7 39. Bd3 Ka7 40. Nd2 Kb7 41. Nb1 Ka7 42. Nc3 Kb7 43. Na4 Ka7 44. Ba6 Kb8 45. Nb6 Kc7 46. Na8+ Kb8 47. Nb6 Kc7 48. Kb4 Kb8 49. Bd3 Kb7 50. Ka5 Ka7 51. Na4 Kb7 52. Nc3 Ka7 53. Na2 Kb7 54. Nb4 Ka7 55. Ba6 Nd7 56. Nd3 Nb8 57. Nb4 Nxa6 1/2-1/2

[Event "ESP-chT 1st Division 2020"]
[Site "Padron"]
[Date "2020.10.03"]
[Round "1.17"]
[White "Martinez Ramirez, Erik"]
[Black "Perera Borrego, Maria Adela"]
[Result "1-0"]
[ECO "C11"]
[WhiteElo "2231"]
[BlackElo "2221"]
[Annotator "ChessBase"]
[PlyCount "97"]
[EventDate "2020.10.01"]
[EventType "team-tourn"]
[EventCountry "ESP"]
[SourceTitle "playchess.com"]
[Source "ChessBase"]
[SourceQuality "1"]
[TimeControl "5400+30"]

1. e4 e6 2. Nf3 d5 3. Nc3 Nf6 4. e5 Nfd7 5. d4 c5 6. dxc5 Nc6 7. Bf4 a6 8. a3 Nxc5 9. h4 Be7 10. h5 f5 11. b4 Ne4 12. Nxe4 fxe4 13. Nd4 O-O 14. g3 a5 15. b5 Nxd4 16. Qxd4 b6 17. Bh3 Bc5 18. Qd2 a4 19. O-O Qe8 20. Qe2 Qe7 21. c4 Bxa3 22. Qa2 Bc5 23. cxd5 Bd7 24. d6 Qf7 25. Be3 Rfe8 26. Qe2 Ra5 27. Rfb1 Rc8 28. Bg4 Qe8 29. Bxc5 Rxc5 30. Qxe4 a3 31. f4 Qc8 32. Be2 a2 33. Rd1 Rc3 34. Bd3 Qc5+ 35. Kh2 Qf2+ 36. Kh3 Rxd3 37. Qxd3 Qb2 38. Qd2 Qb3 39. Rdc1 Ra3 40. Qf2 Kf7 41. Rc2 Bxb5 42. Rcxa2 Rxa2 43. Rxa2 Bc6 44. Ra7+ Kf8 45. f5 Ke8 46. Qa2 Qxa2 47. Rxa2 exf5 48. Ra7 b5 49. e6 1-0

[Event "ESP-chT 1st Division 2020"]
[Site "Padron"]
[Date "2020.10.03"]
[Round "1.18"]
[White "Chacon Perez, Juan"]
[Black "Castillo Escario, Yolanda"]
[Result "1-0"]
[ECO "C57"]
[WhiteElo "2141"]
[BlackElo "2006"]
[Annotator "ChessBase"]
[PlyCount "81"]
[EventDate "2020.10.01"]
[EventType "team-tourn"]
[EventCountry "ESP"]
[SourceTitle "playchess.com"]
[Source "ChessBase"]
[SourceQuality "1"]
[TimeControl "5400+30"]

1. e4 e5 2. Nf3 Nc6 3. Bc4 Nf6 4. Ng5 d5 5. exd5 Nd4 6. c3 b5 7. Bf1 Nxd5 8. cxd4 Qxg5 9. Bxb5+ Kd8 10. O-O Bb7 11. Qf3 Rb8 12. dxe5 Ne3 13. Qh3 Qxg2+ 14. Qxg2 Nxg2 15. d4 Be7 16. Be2 g5 17. f3 Nh4 18. Nc3 f5 19. b3 Rg8 20. Kf2 Rg6 21. Bd2 Kd7 22. Bb5+ Kd8 23. Ke2 Bb4 24. Bc4 Bxc3 25. Bxc3 Rh6 26. Bd2 f4 27. Rf2 Nf5 28. Kd3 Rh3 29. d5 Nh4 30. Ke4 Ke7 31. Bb4+ Kf7 32. e6+ Kg6 33. Bc3 Nf5 34. Be5 Re8 35. Kd3 Re7 36. Re1 Ne3 37. Kd4 Nf5+ 38. Kc5 Ne3 39. Bd3+ Kh6 40. Be4 Rh5 41. Rg1 1-0

[Event "ESP-chT 1st Division 2020"]
[Site "Padron"]
[Date "2020.10.03"]
[Round "1.19"]
[White "Suarez Gomez, Julio"]
[Black "Pile, Richard"]
[Result "1-0"]
[ECO "E11"]
[WhiteElo "2426"]
[BlackElo "2450"]
[Annotator "ChessBase"]
[PlyCount "103"]
[EventDate "2020.10.01"]
[EventType "team-tourn"]
[EventCountry "ESP"]
[SourceTitle "playchess.com"]
[Source "ChessBase"]
[SourceQuality "1"]
[TimeControl "5400+30"]

1. d4 Nf6 2. Nf3 e6 3. c4 Bb4+ 4. Bd2 a5 5. g3 b6 6. Bg2 Bb7 7. O-O O-O 8. Bf4 Be7 9. Nc3 Ne4 10. Na4 d5 11. cxd5 exd5 12. Rc1 Bd6 13. Ne5 Qe8 14. Nc3 Na6 15. a3 Rd8 16. Nd3 c5 17. Bxd6 Rxd6 18. Nf4 g5 19. dxc5 Naxc5 20. Nd3 Ne6 21. Ne5 Qe7 22. Nb5 Rdd8 23. Nd4 Nxd4 24. Qxd4 Rd6 25. b4 axb4 26. axb4 Re8 27. Ng4 h5 28. Ne3 Qf6 29. Qxf6 Rxf6 30. Rc7 d4 31. Nc2 Rc6 32. Rxc6 Bxc6 33. Nxd4 Bd7 34. Rc1 Nf6 35. e3 h4 36. gxh4 gxh4 37. h3 Kf8 38. Rc7 Re5 39. Kh2 Ke8 40. Rb7 b5 41. Rb6 Ke7 42. Bc6 Rg5 43. Bxd7 Nxd7 44. Rxb5 Rg6 45. Rh5 Ra6 46. Rxh4 Ra2 47. Kg2 Nf6 48. b5 Rb2 49. Kf3 Nd7 50. Rh5 f6 51. Kg3 Ne5 52. Nc6+ 1-0

[Event "ESP-chT 1st Division 2020"]
[Site "Padron"]
[Date "2020.10.03"]
[Round "1.20"]
[White "Hernando Rodrigo, Julio Antonio"]
[Black "Reinaldo Castineira, Roi"]
[Result "0-1"]
[ECO "C02"]
[WhiteElo "2266"]
[BlackElo "2469"]
[Annotator "ChessBase"]
[PlyCount "106"]
[EventDate "2020.10.01"]
[EventType "team-tourn"]
[EventCountry "ESP"]
[SourceTitle "playchess.com"]
[Source "ChessBase"]
[SourceQuality "1"]
[TimeControl "5400+30"]

1. d4 e6 2. e4 d5 3. e5 c5 4. c3 Nc6 5. Nf3 Bd7 6. a3 f6 7. Bd3 fxe5 8. dxe5 Qc7 9. O-O O-O-O 10. Qe2 c4 11. Bc2 Bc5 12. b3 cxb3 13. Bxb3 Na5 14. Bc2 Ne7 15. a4 Kb8 16. Na3 a6 17. Bd2 Rc8 18. Rfb1 Ka8 19. Bd3 Rhf8 20. Kh1 Nf5 21. Be1 h6 22. Qb2 Bxa3 23. Qxa3 Nc4 24. Qb4 Bc6 25. Nd4 Nxd4 26. cxd4 g5 27. Ra2 Rf4 28. f3 g4 29. Bg3 Rxd4 30. Qc3 Rxd3 31. Qxd3 gxf3 32. Qxf3 Qh7 33. Re1 d4 34. Qf4 d3 35. Kg1 d2 36. Rxd2 Nxd2 37. Qxd2 Qg6 38. Rc1 h5 39. Qc2 Qg5 40. Re1 h4 41. Qc1 Qxc1 42. Rxc1 hxg3 43. hxg3 Rg8 44. Kf2 Bxa4 45. Rc4 Bc6 46. g4 Bd5 47. Rd4 b5 48. Kg3 a5 49. Kh4 Kb7 50. g5 b4 51. Kh5 b3 52. Kh6 b2 53. Rd1 Be4 0-1

[Event "ESP-chT 1st Division 2020"]
[Site "Padron"]
[Date "2020.10.03"]
[Round "1.21"]
[White "Laiz Ibanez, Hector"]
[Black "Hernando Rodrigo, Jose Maria"]
[Result "1/2-1/2"]
[ECO "B23"]
[WhiteElo "2318"]
[BlackElo "2311"]
[Annotator "ChessBase"]
[PlyCount "70"]
[EventDate "2020.10.01"]
[EventType "team-tourn"]
[EventCountry "ESP"]
[SourceTitle "playchess.com"]
[Source "ChessBase"]
[SourceQuality "1"]
[TimeControl "5400+30"]

1. e4 c5 2. Nc3 e6 3. Nf3 d5 4. exd5 exd5 5. Bb5+ Nc6 6. d4 Nf6 7. O-O Be7 8. dxc5 O-O 9. Be3 Bg4 10. h3 d4 11. Bxc6 dxe3 12. Bxb7 exf2+ 13. Kh1 Bxc5 14. Qxd8 Raxd8 15. hxg4 Rb8 16. Ne4 Rxb7 17. Nxc5 Rxb2 18. Rxf2 Rb5 19. Nb3 Ne4 20. Kg1 Nxf2 21. Kxf2 Rb4 22. Nbd4 Rc8 23. Ke2 Ra4 24. Kd2 a6 25. a3 Kf8 26. g5 Rc5 27. Rh1 Rxa3 28. Rxh7 Rd5 29. Rh8+ Ke7 30. Ra8 Rxf3 31. Ra7+ Ke8 32. gxf3 Rxd4+ 33. Ke3 Rc4 34. Kd3 Rf4 35. Ke3 Rc4 1/2-1/2

[Event "ESP-chT 1st Division 2020"]
[Site "Padron"]
[Date "2020.10.03"]
[Round "1.22"]
[White "Korneev Leskova, Svyatoslav"]
[Black "Abal Cores, Lucas"]
[Result "0-1"]
[ECO "A89"]
[WhiteElo "2170"]
[BlackElo "2315"]
[Annotator "ChessBase"]
[PlyCount "84"]
[EventDate "2020.10.01"]
[EventType "team-tourn"]
[EventCountry "ESP"]
[SourceTitle "playchess.com"]
[Source "ChessBase"]
[SourceQuality "1"]
[TimeControl "5400+30"]

1. c4 f5 2. Nf3 Nf6 3. Nc3 d6 4. d4 g6 5. g3 Bg7 6. Bg2 O-O 7. O-O Nc6 8. d5 Ne5 9. Nxe5 dxe5 10. c5 Kh8 11. Qa4 Bd7 12. Qa3 c6 13. Rd1 cxd5 14. Nxd5 Bc6 15. Nc3 Qc7 16. Bxc6 Qxc6 17. b4 f4 18. gxf4 exf4 19. Bxf4 Ne4 20. Nxe4 Rxf4 21. f3 Raf8 22. Qd3 Rh4 23. Rab1 Qc7 24. Ng3 Be5 25. Kg2 Qc6 26. Qd5 Qf6 27. Rg1 Qg5 28. Rbd1 Rxb4 29. Rdf1 Rd4 30. Qxb7 Rh4 31. Rd1 Qe3 32. Rdf1 Qxc5 33. Qd7 Qe3 34. Qd3 Qh6 35. Rh1 Qg5 36. f4 Rhxf4 37. Rxf4 Rxf4 38. Qe3 Bd4 39. Qc1 Qd5+ 40. e4 Rf2+ 41. Kh3 Qe6+ 42. Kh4 Bf6+ 0-1